Map: Interloper LE

Players

Cojo - Winner!

  • Race: Zerg Zerg
  • Spawn Location: 5:00

Juxtapose

  • Race: Zerg Zerg
  • League: Gold
  • Spawn Location: 11:00

VOD

Have the link to the VOD?

Description

Uploaded the wrong replay and don't know how to change/delete it.

Time

  • Played on: Oct. 28, 2017, 7:03 p.m.
  • Length: 19:05
Show
View Real Time Build Order
Export as new Build Order

Cojo Zerg - Winner!

Build Orders: Hatch First, Muta Ling Bane 

Get SALT Encoding   

  12  0:08  Overlord  
  12  0:13  Drone  
  13  0:17  Drone  
  14  0:27  Drone  
  15  0:30  Drone  
  16  0:51  Hatchery  
  16  0:53  Drone  
  16  1:03  Extractor  
  15  1:11  Spawning Pool  
  15  1:15  Drone  
  15  1:19  Drone  
  15  1:22  Drone  
  17  1:29  Drone  
  18  1:38  Drone  
  19  1:48  Overlord  
  19  2:02  Queen  
  19  2:03  Drone  
  19  2:06  Queen  
  24  2:14  Zergling x4  
  26  2:18  Zergling x2  
  27  2:23  Zergling x2  
  27  2:28  Baneling Nest  
  27  2:30  Zergling x2  
  28  2:39  Drone x2  
  31  2:44  Drone  
  31  2:55  Drone x2  
  33  2:59  Extractor  
  32  3:09  Lair  
  32  3:13  Drone x3  
  32  3:15  Drone  
  32  3:17  Overlord  
  36  3:26  Metabolic Boost  
  36  3:35  Drone x3  
  36  3:36  Drone  
  40  3:53  Hatchery  
  39  3:59  Queen  
  39  4:00  Drone  
  42  4:06  Centrifical Hooks  
  42  4:11  Evolution Chamber  
  42  4:13  Pneumatized Carapace  
  41  4:28  Drone x3  
  41  4:31  Overlord x2  
  44  4:48  Queen  
  46  4:58  Extractor  
  46  4:59  Extractor  
  44  5:01  Zerg Melee Weapons Level 1  
  44  5:05  Overlord  
  44  5:06  Overlord  
  44  5:15  Drone x9  
  44  5:16  Drone x2  
  55  5:24  Drone x3  
  55  5:27  Drone x2  
  60  5:29  Drone  
  61  5:45  Spire  
  61  5:48  Zergling x6  
  61  5:49  Zergling x12  
  69  5:51  Baneling x2  
  69  5:52  Baneling  
  69  5:53  Baneling  
  69  5:54  Baneling x2  
  69  5:55  Baneling  
  69  5:56  Baneling x2  
  69  6:29  Drone x4  
  73  6:39  Zergling x8  
  78  6:40  Zergling x8  
  67  7:02  Drone x4  
  67  7:03  Drone x7  
  67  7:06  Baneling x4  
  67  7:07  Baneling x4  
  78  7:14  Infestation Pit  
  77  7:16  Zerg Melee Weapons Level 2  
  77  7:19  Zerg Flyer Weapons Level 1  
  77  7:26  Extractor x2  
  75  8:01  Mutalisk  
  75  8:02  Mutalisk x2  
  75  8:04  Overlord x2  
  75  8:05  Overlord x3  
  81  8:08  Hive  
  81  8:14  Overlord  
  81  8:15  Overlord x5  
  81  8:23  Baneling  
  81  8:24  Zergling x4  
  81  8:25  Zergling x14  
  81  8:26  Zergling x8  
  94  8:36  Mutalisk  
  94  8:37  Mutalisk x5  
  106  8:44  Queen  
  106  8:46  Hatchery  
  107  8:49  Mutalisk x2  
  107  8:50  Mutalisk x4  
  107  8:53  Baneling  
  107  8:54  Baneling x3  
  107  8:55  Baneling x4  
  119  8:59  Zergling x4  
  119  9:00  Zergling x2  
  119  9:01  Zergling x4  
  119  9:21  Mutalisk x3  
  119  9:22  Mutalisk  
  127  9:25  Zergling x2  
  127  9:26  Zergling x8  
  132  9:50  Zergling x2  
  132  9:51  Zergling x12  
  132  9:52  Zergling x4  
  141  9:59  Zerg Flyer Weapons Level 2  
  141  10:01  Ultralisk Cavern  
  141  10:03  Zerg Melee Weapons Level 3, Hatchery  
  139  10:07  Evolution Chamber  
  138  10:41  Spire  
  137  10:59  Hatchery  
  136  11:05  Drone  
  136  11:06  Drone x6  
  136  11:11  Zergling x10  
  144  11:12  Ultralisk  
  154  11:20  Overlord x5  
  154  11:29  Extractor  
  153  11:33  Extractor  
  153  11:37  Drone x3  
  155  11:43  Ultralisk  
  155  11:44  Ultralisk x5  
  156  11:59  Ultralisk x2  
  139  12:01  Zergling x2  
  139  12:02  Zergling x14  
  139  12:03  Zergling x4  
  139  12:04  Zergling x2  
  127  12:14  Zergling x4  
  127  12:15  Zergling x8  
  126  12:16  Zergling x2  
  106  12:32  Drone x6, Queen  
  112  12:54  Drone x4  
  112  12:55  Drone x8  
  112  12:56  Drone x2  
  126  13:21  Zergling x4  
  126  13:22  Zergling x14  
  126  13:24  Mutalisk x4  
  143  13:29  Zerg Ground Armor Level 1  
  143  13:32  Zerg Flyer Weapons Level 3  
  143  13:35  Zerg Flyer Armor Level 1  
  143  13:49  Extractor x2  
  141  13:56  Mutalisk x4, Hatchery  
  141  13:57  Mutalisk x3  
  141  13:59  Zergling x2  
  141  14:00  Zergling x2  
  141  14:01  Zergling x2  
  147  14:43  Baneling x5  
  147  14:44  Baneling x6  
  141  14:46  Drone x7  
  141  14:47  Drone x2  
  136  15:12  Zergling x2  
  136  15:13  Zergling x12  
  136  15:14  Zergling x14  
  124  15:15  Zergling x10  
  133  15:35  Greater Spire  
  133  15:46  Drone  
  133  15:47  Drone x3  
  133  15:48  Mutalisk x2  
  133  15:49  Mutalisk x4  
  149  15:52  Corruptor x3  
  149  15:53  Extractor, Corruptor x4  
  149  15:54  Corruptor  
  164  15:57  Extractor  
  163  16:31  Zerg Ground Armor Level 2  
  163  16:33  Zerg Missile Weapons Level 1  
  163  16:34  Zerg Flyer Armor Level 2  
  163  16:47  Brood Lord  
  163  16:49  Brood Lord  
  167  17:10  Hatchery, Brood Lord x2  
  167  17:15  Brood Lord  
  172  17:38  Extractor  
  172  17:41  Extractor  
  170  17:45  Overseer x3  
  149  18:45  Zergling x2  
  149  18:46  Zergling x10  
  149  18:47  Zergling x14  
  149  18:48  Zergling x2  
Show
View Real Time Build Order
Export as new Build Order

Juxtapose Zerg 

Build Orders: Pool First 

Get SALT Encoding   

  12  0:01  Drone  
  13  0:10  Drone  
  14  0:18  Overlord  
  14  0:36  Spawning Pool  
  14  0:41  Drone  
  14  0:45  Drone  
  15  0:50  Drone  
  15  0:56  Extractor  
  15  0:58  Drone  
  15  1:03  Drone  
  17  1:25  Hatchery  
  16  1:30  Queen  
  18  1:42  Drone x3  
  21  1:54  Zergling x2  
  22  2:07  Overlord  
  23  2:30  Zergling x4  
  24  2:39  Drone  
  24  2:44  Zergling x6  
  27  2:45  Drone  
  27  2:47  Metabolic Boost  
  29  2:59  Drone x3  
  32  3:07  Spine Crawler  
  32  3:11  Drone  
  32  3:12  Queen  
  34  3:15  Roach Warren  
  34  3:17  Extractor  
  32  3:21  Queen  
  32  3:25  Drone x2  
  36  3:33  Spine Crawler  
  36  3:34  Drone  
  36  3:40  Overlord  
  36  3:58  Overlord  
  36  4:00  Lair  
  36  4:05  Overlord  
  36  4:07  Roach x2  
  36  4:09  Roach  
  42  4:12  Drone  
  43  4:20  Drone x2  
  45  4:34  Drone x3  
  45  4:35  Drone  
  49  4:42  Roach x2  
  49  4:43  Roach  
  55  4:50  Drone  
  56  4:53  Queen  
  56  4:58  Evolution Chamber  
  57  5:04  Hydralisk Den  
  57  5:06  Drone  
  57  5:09  Drone x3  
  57  5:11  Overlord  
  60  5:20  Overlord  
  60  5:25  Glial Reconstitution  
  60  5:29  Zerg Missile Weapons Level 1  
  60  5:37  Pneumatized Carapace  
  60  5:41  Drone x2  
  60  5:42  Drone x2  
  64  6:02  Hydralisk x2  
  64  6:03  Zergling x4  
  64  6:04  Zergling x4  
  72  6:07  Extractor  
  72  6:08  Drone  
  72  6:09  Drone  
  72  6:10  Extractor  
  72  6:27  Muscular Augments  
  62  6:48  Hatchery  
  62  6:52  Hydralisk, Roach x4  
  63  7:03  Hydralisk  
  63  7:05  Zergling x8  
  63  7:06  Zergling x6  
  72  7:17  Drone  
  73  7:31  Zerg Ground Armor Level 1  
  73  7:32  Hydralisk  
  73  7:35  Overlord x2  
  75  7:59  Hydralisk x3  
  75  8:00  Hydralisk x4  
  75  8:01  Roach  
  75  8:02  Zergling x2  
  75  8:03  Zergling x6  
  95  8:15  Drone  
  95  8:16  Drone  
  97  8:31  Overlord  
  97  8:32  Overlord x3  
  97  8:53  Drone x4  
  97  8:54  Drone x7  
  98  9:14  Drone  
  98  9:15  Drone x3  
  102  9:17  Hydralisk x3  
  102  9:19  Hydralisk x4  
  116  9:36  Spore Crawler  
  116  9:37  Hydralisk x6  
  116  9:38  Hydralisk  
  129  9:39  Overlord x2  
  129  9:40  Overlord  
  129  9:47  Overlord  
  129  9:55  Zerg Missile Weapons Level 2  
  129  10:02  Infestation Pit  
  129  10:03  Hydralisk x5  
  129  10:04  Hydralisk  
  140  10:07  Zergling x2  
  140  10:11  Overlord x2  
  141  10:15  Hatchery  
  140  10:36  Extractor  
  140  10:39  Extractor, Zergling x2  
  140  10:40  Hydralisk x6, Zergling x8  
  140  10:41  Hydralisk  
  157  10:44  Hive  
  157  11:04  Hydralisk x4  
  157  11:05  Hydralisk  
  168  11:25  Zergling x4  
  168  11:26  Zergling x14  
  168  11:27  Zergling x6  
  168  11:29  Overlord x3  
  168  11:30  Overlord x2  
  179  11:53  Hydralisk x3  
  179  11:54  Hydralisk x6  
  149  11:55  Hydralisk  
  123  12:08  Zergling x8  
  115  12:17  Hydralisk x4  
  122  12:25  Drone  
  91  12:44  Adrenal Glands  
  91  12:45  Hydralisk x4  
  91  12:48  Zergling x14  
  91  12:49  Zergling x6  
  109  13:10  Zergling x2  
  109  13:11  Zergling x14  
  109  13:12  Zergling x16  
  125  13:13  Zergling x2  
  126  13:23  Drone  
  126  13:25  Drone  
  128  13:36  Hydralisk x3  
  128  13:37  Hydralisk x4  
  142  13:45  Drone x3  
  142  13:46  Hydralisk, Drone  
  148  13:48  Zergling x2  
  149  14:11  Hydralisk  
  149  14:12  Hydralisk x6  
  163  14:20  Zerg Ground Armor Level 2  
  163  14:26  Extractor  
  162  14:31  Extractor  
  161  14:44  Hydralisk x3  
  161  14:45  Hydralisk x6  
  141  15:14  Hydralisk x3, Zergling x14  
  86  15:15  Hydralisk x4, Zergling x2  
  86  15:16  Zergling x2  
  86  15:17  Zergling x2  
  105  15:28  Drone  
  105  15:29  Drone x2  
  105  15:30  Drone  
  109  15:38  Hydralisk x5  
  109  15:39  Hydralisk  
  121  15:51  Spire  
  120  16:06  Overseer x2  
  120  16:29  Hydralisk x2, Zergling x10  
  120  16:30  Hydralisk x6, Zergling x2  
  142  16:40  Hatchery  
  141  16:49  Infestor x2  
  141  16:50  Infestor  
  141  16:52  Swarm Host x3  
  156  17:04  Hatchery  
  155  17:08  Mutalisk x2  
  155  17:09  Mutalisk  
  161  17:28  Mutalisk x3, Zergling x8  
  161  17:29  Mutalisk  
  173  17:35  Burrow  
  173  17:54  Mutalisk x3  
  180  18:20  Drone x3  
  180  18:22  Mutalisk x5  
Tags
 
Composition
Muta Ling Bane
League
Gold
Matchup
ZvZ
Race
Zerg
Spawn Locations
Cross Positions
Add a new tag
Caveats
  • Supply blocks, unpowered buildings, or Contaminate may cause inaccurate times.
  • Supply counts are checked every 10 seconds.